Map: Data-C

Players

trigger - Winner!

  • Race: Protoss Protoss
  • Spawn Location: 9:00

Lambo

  • Race: Zerg Zerg
  • Spawn Location: 3:00

Event: DreamHack SC2 Masters 2022 Atlanta (Offline)

VOD

Have the link to the VOD?

Description

Time

  • Played on: Nov. 18, 2022, 2:03 p.m.
  • Length: 16:05

All games in this series

Show
View Real Time Build Order
Export as new Build Order

trigger Protoss - Winner!

Build Orders: 1 Gate Expand, Oracle Opening, Carriers, Zealot Archon 

Get SALT Encoding   

  12  0:00  Probe  
  13  0:12  Probe  
  14  0:19  Pylon  
  14  0:24  Probe  
  15  0:37  Probe (Chrono Boost)  
  15  0:39  Gateway  
  16  0:46  Probe (Chrono Boost)  
  16  0:47  Assimilator  
  17  0:52  Probe  
  18  1:04  Probe  
  19  1:16  Probe  
  20  1:24  Nexus  
  20  1:28  Probe  
  21  1:37  Cybernetics Core  
  21  1:42  Assimilator  
  21  1:46  Probe  
  22  1:52  Pylon  
  22  1:58  Probe  
  23  2:10  Probe (Chrono Boost)  
  23  2:13  Adept, Warp Gate  
  26  2:20  Probe (Chrono Boost)  
  27  2:25  Probe (Chrono Boost)  
  27  2:26  Stargate  
  29  2:37  Probe (Chrono Boost)  
  29  2:39  Probe (Chrono Boost)  
  29  2:43  Adept  
  33  2:45  Probe (Chrono Boost)  
  33  2:47  Probe (Chrono Boost)  
  35  2:51  Probe (Chrono Boost)  
  35  2:52  Probe  
  36  3:03  Probe  
  36  3:04  Probe, Gateway  
  38  3:06  Oracle (Chrono Boost)  
  41  3:15  Probe, Pylon  
  41  3:16  Probe  
  43  3:27  Probe  
  43  3:28  Probe  
  45  3:37  Nexus  
  45  3:38  Oracle (Chrono Boost)  
  45  3:42  Probe  
  45  3:44  Probe  
  45  3:48  Pylon  
  50  3:51  Assimilator  
  50  3:54  Probe  
  51  3:56  Probe  
  51  4:00  Assimilator  
  52  4:06  Probe  
  52  4:08  Probe  
  52  4:09  Oracle  
  57  4:17  Twilight Council  
  57  4:19  Probe, Forge  
  57  4:21  Probe  
  59  4:31  Probe  
  60  4:32  Stalker  
  60  4:36  Pylon  
  62  4:42  Gateway  
  62  4:45  Gateway  
  62  4:48  Shield Battery  
  62  4:49  Probe x2 (Chrono Boost), Stalker  
  66  4:53  Probe (Chrono Boost)  
  66  4:55  Protoss Ground Weapons Level 1  
  69  5:01  Probe x2 (Chrono Boost)  
  69  5:03  Probe (Chrono Boost)  
  69  5:06  Probe x2 (Chrono Boost)  
  70  5:08  Probe (Chrono Boost)  
  70  5:15  Probe  
  70  5:16  Probe  
  70  5:19  Probe, Assimilator  
  73  5:24  Templar Archives, Assimilator  
  73  5:27  Probe  
  73  5:28  Gateway  
  74  5:29  Charge, Gateway  
  74  5:30  Probe  
  74  5:35  Probe  
  76  5:39  Probe  
  76  5:42  Probe  
  78  5:47  Probe  
  79  5:51  Probe  
  80  6:00  Probe  
  80  6:01  Pylon  
  80  6:03  Pylon, Psionic Storm  
  80  6:04  Nexus  
  81  6:06  High Templar, Pylon  
  81  6:07  High Templar  
  81  6:10  Photon Cannon  
  85  6:12  Pylon x2  
  85  6:16  Probe, Gateway  
  85  6:22  Pylon  
  85  6:23  Gateway  
  85  6:26  Gateway  
  85  6:27  High Templar  
  85  6:28  High Templar x2  
  91  6:34  Photon Cannon  
  91  6:35  Nexus  
  91  6:37  Pylon  
  91  6:41  Probe  
  91  6:43  Zealot  
  91  6:44  Zealot x2  
  98  6:49  Gateway  
  98  6:50  Probe  
  98  6:52  Robotics Facility  
  98  6:53  Pylon  
  99  6:59  Photon Cannon  
  99  7:01  Shield Battery, Zealot, High Templar x2  
  103  7:05  Archon  
  103  7:06  Probe  
  106  7:10  Protoss Ground Weapons Level 2 (Chrono Boost)  
  106  7:12  Probe  
  106  7:13  Probe  
  106  7:16  Zealot x4  
  106  7:18  Probe  
  115  7:23  Fleet Beacon  
  115  7:24  Probe  
  115  7:29  Stargate  
  116  7:30  Probe  
  116  7:35  Zealot x3  
  121  7:40  Probe  
  122  7:44  Assimilator  
  122  7:45  Photon Cannon  
  122  7:48  Assimilator  
  122  7:50  Zealot x4  
  128  7:55  Probe  
  127  8:00  Gateway  
  127  8:06  Protoss Air Weapons Level 1 (Chrono Boost)  
  127  8:09  Carrier x2 (Chrono Boost)  
  133  8:16  Stargate  
  133  8:18  Photon Cannon  
  133  8:21  Pylon  
  133  8:25  High Templar  
  135  8:28  Photon Cannon  
  135  8:37  Zealot x7  
  133  8:51  Zealot  
  135  8:59  High Templar x2  
  135  9:02  Carrier (Chrono Boost), Zealot x5  
  155  9:06  Pylon  
  155  9:07  Archon  
  155  9:08  Pylon  
  155  9:15  Archon  
  153  9:18  High Templar  
  155  9:30  Photon Cannon  
  155  9:32  Shield Battery  
  155  9:35  Stalker  
  147  9:39  Zealot x6  
  147  9:40  Zealot x2, Protoss Shields Level 1 (Chrono Boost)  
  159  9:47  Photon Cannon  
  155  9:54  Protoss Air Weapons Level 2 (Chrono Boost)  
  155  9:56  Carrier  
  155  10:02  High Templar x2  
  155  10:04  Observer (Chrono Boost)  
  158  10:11  Tempest x2  
  154  10:18  Zealot x6  
  166  10:26  Pylon  
  166  10:40  Pylon  
  166  10:42  Pylon  
  163  10:44  Pylon  
  163  10:46  Pylon  
  162  10:50  Zealot, Tempest (Chrono Boost)  
  162  10:52  Immortal (Chrono Boost)  
  161  10:57  Zealot  
  161  10:58  Zealot x2  
  161  11:02  Carrier (Chrono Boost)  
  137  11:06  Probe x2  
  137  11:07  Zealot x3  
  149  11:16  Carrier (Chrono Boost)  
  149  11:17  Pylon  
  145  11:19  High Templar x2  
  145  11:20  Zealot x3  
  145  11:24  Observer (Chrono Boost)  
  156  11:25  Archon  
  136  11:39  High Templar  
  136  11:40  High Templar  
  136  11:42  Carrier (Chrono Boost)  
  138  11:54  Nexus  
  138  12:00  Carrier (Chrono Boost)  
  138  12:07  Zealot x5  
  138  12:08  Zealot x2  
  158  12:18  Pylon  
  158  12:20  Protoss Air Weapons Level 3 (Chrono Boost)  
  158  12:24  Zealot  
  158  12:26  High Templar  
  158  12:28  High Templar  
  164  12:39  Archon  
  148  12:45  Archon  
  148  12:46  Zealot x7  
  139  13:00  Observer  
  139  13:02  High Templar x2  
  144  13:08  Carrier (Chrono Boost)  
  144  13:12  Photon Cannon  
  142  13:13  High Templar x2  
  142  13:14  Shield Battery  
  142  13:15  Photon Cannon  
  142  13:17  Zealot x5  
  156  13:21  Carrier (Chrono Boost)  
  162  13:35  Assimilator  
  162  13:38  Assimilator  
  162  13:39  Carrier (Chrono Boost), Probe  
  169  13:43  Zealot x3  
  167  14:02  Archon  
  173  14:07  Carrier (Chrono Boost)  
  173  14:09  Carrier (Chrono Boost)  
  173  14:11  Zealot x3  
  173  14:12  Zealot  
  173  14:13  High Templar  
  177  14:18  Pylon  
  177  14:21  Pylon  
  171  14:28  Carrier (Chrono Boost)  
  171  14:29  High Templar  
  177  14:33  Photon Cannon  
  177  14:42  Shield Battery  
  177  14:47  Zealot x6  
  189  14:58  Zealot x2  
  167  15:50  Zealot x7  
  167  15:51  Zealot x2  
Show
View Real Time Build Order
Export as new Build Order

Lambo Zerg 

Build Orders: Hatch First, Brood Lord Corruptor, Lurkers 

Get SALT Encoding   

  12  0:00  Drone  
  13  0:12  Overlord  
  13  0:18  Drone  
  14  0:30  Drone x2  
  16  0:48  Hatchery  
  15  0:51  Drone  
  15  0:55  Drone  
  17  0:59  Drone  
  18  1:09  Extractor  
  17  1:15  Spawning Pool  
  17  1:16  Drone  
  17  1:20  Drone  
  18  1:27  Drone  
  19  1:38  Drone  
  20  1:50  Drone  
  21  2:01  Queen x2  
  21  2:02  Zergling x2, Overlord  
  26  2:11  Drone x2  
  26  2:13  Metabolic Boost  
  28  2:21  Drone  
  30  2:22  Drone  
  30  2:35  Hatchery  
  29  2:38  Drone  
  29  2:40  Drone  
  32  2:44  Drone  
  32  2:46  Overlord  
  32  2:53  Queen  
  32  2:55  Drone  
  35  2:59  Drone  
  35  3:05  Queen  
  38  3:07  Overlord  
  38  3:15  Drone x4  
  42  3:20  Drone  
  42  3:22  Overlord  
  42  3:26  Drone  
  44  3:35  Queen, Drone  
  44  3:37  Zergling x2  
  48  3:42  Spore Crawler  
  48  3:44  Zergling x2  
  48  3:49  Zergling x4, Overlord  
  48  3:51  Drone x2  
  48  3:53  Evolution Chamber  
  50  3:56  Queen  
  50  3:57  Drone  
  50  4:00  Drone x2  
  55  4:07  Overlord  
  55  4:08  Drone x3  
  58  4:11  Drone  
  58  4:15  Spore Crawler  
  58  4:16  Drone x2  
  60  4:19  Zerg Melee Weapons Level 1  
  60  4:21  Drone x2  
  62  4:26  Drone x3  
  62  4:30  Drone  
  66  4:32  Baneling Nest  
  66  4:35  Drone x2  
  67  4:39  Overlord  
  67  4:40  Drone x2  
  67  4:44  Zergling x6  
  72  4:49  Drone  
  74  4:52  Drone  
  74  4:53  Drone  
  74  4:54  Hatchery  
  74  4:55  Overlord  
  74  4:57  Zergling x2  
  75  5:00  Spore Crawler  
  75  5:02  Queen  
  75  5:05  Overlord  
  75  5:06  Drone x2  
  78  5:10  Lair  
  75  5:16  Drone x4  
  75  5:17  Drone  
  80  5:22  Drone x4  
  80  5:24  Drone  
  80  5:25  Extractor  
  80  5:26  Drone x2  
  86  5:30  Drone x3  
  86  5:35  Zergling x2  
  89  5:37  Zergling x4  
  91  5:43  Extractor  
  91  5:45  Drone  
  91  5:47  Drone x6, Roach Warren, Extractor  
  91  5:49  Drone  
  96  5:52  Drone x2  
  98  5:59  Extractor, Overlord  
  98  6:00  Extractor  
  98  6:01  Overlord  
  95  6:04  Overlord  
  95  6:05  Drone  
  95  6:08  Drone  
  95  6:10  Spore Crawler  
  96  6:12  Drone x3  
  96  6:16  Drone x4  
  104  6:18  Drone x2  
  104  6:21  Drone x3  
  104  6:23  Overlord  
  104  6:24  Centrifugal Hooks  
  104  6:25  Zerg Melee Weapons Level 2, Overlord  
  108  6:27  Infestation Pit, Roach  
  108  6:29  Overlord  
  108  6:30  Glial Reconstitution  
  111  6:33  Roach  
  111  6:35  Roach  
  111  6:36  Zergling x2  
  111  6:37  Zergling x2  
  114  6:41  Roach x3, Extractor  
  114  6:42  Drone  
  114  6:45  Drone x2  
  114  6:46  Drone x2  
  123  6:47  Roach  
  123  6:51  Evolution Chamber  
  123  6:52  Drone, Extractor  
  123  6:53  Hydralisk Den, Roach x2  
  127  6:56  Roach x2  
  127  6:57  Drone  
  127  6:58  Drone  
  127  6:59  Drone  
  134  7:01  Drone x2  
  134  7:03  Overlord  
  134  7:07  Overseer  
  134  7:08  Overlord  
  138  7:11  Baneling x2  
  138  7:14  Hatchery  
  136  7:19  Spine Crawler  
  136  7:20  Hive  
  136  7:22  Zergling x14  
  140  7:25  Zerg Missile Weapons Level 1  
  140  7:26  Lurker Den  
  139  7:31  Zergling x14  
  143  7:37  Zergling x12  
  143  7:43  Zergling x12  
  153  7:46  Muscular Augments  
  153  7:48  Zergling x8, Roach  
  158  7:55  Zergling x2  
  158  7:59  Drone x2  
  158  8:02  Spine Crawler  
  158  8:04  Zergling x10  
  158  8:13  Baneling x6, Hydralisk x4  
  158  8:16  Drone  
  158  8:19  Zergling x2, Spine Crawler, Extractor  
  166  8:21  Overlord  
  166  8:23  Overlord, Extractor  
  166  8:26  Overlord  
  165  8:28  Baneling  
  165  8:29  Hydralisk x4, Overlord  
  165  8:31  Seismic Spines, Overlord  
  172  8:35  Overlord  
  172  8:39  Hydralisk  
  172  8:40  Lurker x2  
  172  8:41  Lurker x2  
  171  8:44  Drone x3  
  169  8:48  Hydralisk  
  169  8:49  Hydralisk x2  
  174  8:57  Hydralisk  
  174  8:58  Hydralisk x2  
  174  9:00  Drone x3  
  174  9:01  Spire  
  182  9:03  Spore Crawler, Spine Crawler  
  182  9:06  Lurker x4  
  183  9:12  Overseer  
  183  9:13  Zerg Ground Armor Level 1  
  183  9:14  Hydralisk  
  180  9:30  Hydralisk x3  
  179  9:43  Lurker  
  179  9:44  Zerg Missile Weapons Level 2  
  179  9:45  Drone x5  
  183  9:46  Drone x2, Spire  
  183  9:50  Lurker  
  185  9:56  Spine Crawler  
  185  9:58  Spine Crawler  
  177  10:08  Viper x2  
  177  10:13  Corruptor, Drone x3  
  177  10:14  Corruptor x3, Spine Crawler  
  182  10:16  Spine Crawler  
  188  10:31  Corruptor x2  
  188  10:32  Corruptor  
  188  10:33  Queen x2  
  198  10:51  Greater Spire  
  198  10:54  Overseer  
  180  10:59  Hydralisk x7  
  180  11:00  Zergling x28  
  176  11:15  Corruptor x5  
  183  11:22  Corruptor x4  
  189  11:28  Corruptor  
  183  11:38  Corruptor x2  
  177  11:44  Lurker  
  177  11:45  Lurker x2  
  177  11:46  Drone x4  
  184  11:47  Spine Crawler  
  184  11:53  Queen  
  185  11:55  Zergling x18  
  185  11:58  Hatchery  
  190  12:05  Lurker  
  190  12:07  Lurker x3  
  190  12:08  Lurker, Drone x3  
  196  12:11  Zergling x4, Spine Crawler  
  196  12:15  Spine Crawler  
  198  12:25  Spine Crawler x2  
  198  12:27  Corruptor x2  
  198  12:28  Spine Crawler  
  198  12:29  Zerg Flyer Weapons Level 1  
  199  12:30  Zerg Flyer Armor Level 1  
  195  12:40  Corruptor x3  
  195  12:41  Corruptor x3  
  161  12:53  Corruptor, Infestor  
  161  12:54  Zergling x4, Roach x6  
  161  12:55  Roach  
  150  12:59  Roach  
  150  13:02  Queen  
  150  13:03  Queen  
  150  13:05  Queen  
  146  13:08  Roach x5  
  156  13:14  Hydralisk x3  
  156  13:17  Viper  
  165  13:25  Corruptor x3, Spore Crawler  
  165  13:26  Spore Crawler  
  169  13:27  Spore Crawler, Hydralisk  
  169  13:29  Spore Crawler  
  169  13:31  Drone x2  
  169  13:34  Spine Crawler  
  170  13:35  Spore Crawler  
  170  13:37  Hydralisk x3  
  175  13:45  Viper  
  178  13:51  Hatchery  
  178  13:52  Brood Lord  
  178  13:53  Brood Lord  
  181  13:56  Brood Lord  
  181  14:00  Spore Crawler  
  181  14:01  Zergling x8  
  184  14:13  Zergling x2  
  184  14:14  Zergling x22  
  192  14:18  Lurker x2  
  192  14:19  Lurker  
  192  14:22  Brood Lord  
  185  14:26  Corruptor x2  
  179  14:36  Spore Crawler  
  179  14:37  Spore Crawler x3  
  175  14:40  Brood Lord  
  175  14:42  Brood Lord  
  179  14:47  Corruptor, Spore Crawler  
  179  14:50  Brood Lord  
  182  15:07  Spore Crawler, Corruptor x2  
  178  15:08  Spore Crawler  
  178  15:11  Spore Crawler  
  178  15:13  Spore Crawler  
  178  15:17  Hydralisk x2  
  178  15:20  Drone x3  
  178  15:26  Corruptor  
Tags
 
Add a new tag
Caveats
  • Supply blocks, unpowered buildings, or Contaminate may cause inaccurate times.
  • Supply counts are checked every 10 seconds.